 Dungeon Crawl Stone Soup version 0.26.1-11-gd32895ea62 (webtiles) character file.

Game seed: 15834637148934652071

204 promet the Insei (level 5, -8/41 HPs)
             Began as a Gnoll Transmuter on July 11, 2021.
             Killed by divine providence
             ... invoked by an orc priest
              (11 damage)
             ... on level 3 of the Dungeon.
             The game lasted 00:17:28 (2807 turns).

promet the Insei (Gnoll Transmuter)                 Turns: 2807, Time: 00:17:29

Health: -8/41      AC:  7    Str: 12    XL:     5   Next: 82%
Magic:  3/12       EV: 15    Int: 15    God:
Gold:   80         SH:  0    Dex: 17    Spells: 10/14 levels left

rFire    . . .     SeeInvis .   a - +2 mace (drain)
rCold    . . .     Faith    .   (no shield)
rNeg     . . .     Spirit   .   b - +2 robe
rPois    .         Reflect  .   (helmet currently unavailable)
rElec    .         Harm     .   (no cloak)
rCorr    .         Rampage  .   (no gloves)
Will     .....                  (boots currently unavailable)
Stlth    ++........             (no amulet)
HPRegen  0.13/turn              (no ring)
MPRegen  0.13/turn              (no ring)

@: appendages
A: distributed training, fangs 1, horns 2, talons 2, slimy green scales 1,
shaggy fur 1, strong nose
a: End Transformation


You were on level 3 of the Dungeon.
You had grown temporary horns.
You had grown temporary talons.
You visited 1 branch of the dungeon, and saw 4 of its levels.

You collected 80 gold pieces.

Inventory:

Hand Weapons
 a - a +2 mace of draining (weapon)
 f - a +0 dagger
 h - a +0 spear
 l - a +0 war axe
Missiles
 c - 25 stones
 g - 19 poisoned darts (quivered)
 k - 5 bolts
Armour
 b - a +2 robe (worn)
 d - a +0 ring mail of fire resistance
 e - a +0 helmet (melded)
Wands
 m - a wand of disintegration (14)
Scrolls
 i - 3 scrolls of teleportation
 j - a scroll of fear
 o - a scroll of identify


   Skills:
 + Level 3.1 Fighting
 + Level 1.6 Short Blades
 + Level 1.6 Long Blades
 + Level 1.6 Axes
 + Level 1.6 Maces & Flails
 + Level 1.6 Polearms
 + Level 1.6 Staves
 + Level 1.6 Slings
 + Level 1.6 Bows
 + Level 1.6 Crossbows
 + Level 1.6 Throwing
 + Level 1.6 Armour
 + Level 4.8 Dodging
 + Level 1.6 Stealth
 + Level 1.6 Shields
 + Level 6.7 Unarmed Combat
 + Level 5.2 Spellcasting
 + Level 1.3 Conjurations
 + Level 1.3 Hexes
 + Level 1.3 Summonings
 + Level 1.3 Necromancy
 + Level 1.3 Translocations
 + Level 4.0 Transmutations
 + Level 1.3 Fire Magic
 + Level 1.3 Ice Magic
 + Level 1.3 Air Magic
 + Level 1.3 Earth Magic
 + Level 1.3 Poison Magic
 + Level 1.9 Invocations
 + Level 1.6 Evocations


You had 10 spell levels left.
You knew the following spells:

 Your Spells              Type           Power        Failure   Level
a - Beastly Appendage     Tmut           32%          3%          1
b - Wereblood             Tmut           16%          4%          2
c - Magic Dart            Conj           28%          10%         1

Your spell library contained the following spells:

 Spells                   Type           Power        Failure   Level
 Blink                    Tloc           N/A          14%         2
 Call Imp                 Summ           7%           14%         2
 Slow                     Hex            7%           14%         2
 Spider Form              Tmut/Pois      6%           16%         3
 Conjure Flame            Conj/Fire      7%           28%         3
 Mephitic Cloud           Conj/Pois/Air  7%           28%         3
 Ice Form                 Ice/Tmut       12%          45%         4
 Blade Hands              Tmut           8%           63%         5


Dungeon Overview and Level Annotations

Branches:
Dungeon (4/15)
 Temple: D:4-7

Altars:
Ashenzari


Innate Abilities, Weirdness & Mutations

Your experience applies equally to all skills.
You have very sharp teeth.
Your uncanny sense of smell can sniff out nearby items.
You have a pair of horns on your head.
You have razor-sharp toenails.
You are partially covered in slimy green scales. (AC +2)
You are covered in fur. (AC +1)


Message History

The poisoned dart barely misses the orc priest.
The poisoned dart hits the orc.
Your primal bloodlust has ended.
Throw: 20 darts (poison)
Press: ? - help, Q - select action, (/) - cycle Shift-Dir - straight line, f/p - orc priest
Aim: an orc priest (heavily wounded, poisoned, 60% to hit)
You throw a poisoned dart. The poisoned dart hits the orc priest.
The orc priest looks even sicker.
The orc priest is heavily wounded.
The orc priest mumbles some strange prayers to Beogh against you.
Beogh smites you!
* * * LOW HITPOINT WARNING * * *
You aren't carrying any potions.
You aren't carrying any potions.
Unknown command.
Things that are here:
a +0 short sword; a leopard gecko corpse The orc priest calls down the wrath of Beogh upon you.
Beogh smites you!
You die...

(............##
.((............
...............
..oo...........
......†........
........†)....)
.......).....##
###...#.####.#
+...#@# #.. #'#
#.# ... #.
..... # #......
#.......
#........
#.........


You could see an orc priest (very poisoned).

Vanquished Creatures
  An ogre (D:4)
  A worker ant (D:4)
  Robin (D:2)
  An adder (D:2)
  An ooze (D:1)
  A worm (D:2)
  A dart slug (D:2)
  2 leopard geckos
  2 bats
  A giant cockroach (D:1)
  15 goblins
  11 hobgoblins
  4 jackals (D:2)
  8 frilled lizards
  5 kobolds
  4 rats
59 creatures vanquished.

Vanquished Creatures (others)
  35 plants (D:1)
35 creatures vanquished.

Grand Total: 94 creatures vanquished

Notes
Turn   | Place    | Note
-------+----------+-------------------------------------------
     0 | D:1      | promet the Gnoll Transmuter began the quest for the Orb.
     0 | D:1      | Reached XP level 1. HP: 17/17 MP: 6/6
   189 | D:1      | Reached XP level 2. HP: 19/23 MP: 5/7
   244 | D:1      | Learned a level 2 spell: Wereblood
   900 | D:1      | Reached XP level 3. HP: 26/28 MP: 7/9
  1000 | D:1      | Reached skill level 5 in Spellcasting
  1450 | D:2      | Gained mutation: You are covered in fur. (AC +1) [potion of
                  | mutation]
  1450 | D:2      | Gained mutation: You are partially covered in slimy green
                  | scales. (AC +2) [potion of mutation]
  1474 | D:2      | Reached skill level 1 in Invocations
  1746 | D:2      | Found a broken altar of Ashenzari.
  1826 | D:2      | Learned a level 1 spell: Magic Dart
  2040 | D:2      | Reached skill level 1 in Short Blades
  2040 | D:2      | Reached skill level 1 in Long Blades
  2040 | D:2      | Reached skill level 1 in Axes
  2040 | D:2      | Reached skill level 1 in Maces & Flails
  2040 | D:2      | Reached skill level 1 in Polearms
  2040 | D:2      | Reached skill level 1 in Staves
  2040 | D:2      | Reached skill level 1 in Slings
  2040 | D:2      | Reached skill level 1 in Bows
  2040 | D:2      | Reached skill level 1 in Crossbows
  2040 | D:2      | Reached skill level 1 in Throwing
  2040 | D:2      | Reached skill level 1 in Armour
  2040 | D:2      | Reached skill level 1 in Stealth
  2040 | D:2      | Reached skill level 1 in Shields
  2040 | D:2      | Reached skill level 1 in Evocations
  2243 | D:2      | Reached XP level 4. HP: 34/34 MP: 8/11
  2267 | D:2      | Noticed Robin
  2279 | D:2      | Killed Robin
  2615 | D:2      | You fall into a shaft and drop 2 floors!
  2616 | D:4      | Noticed an ogre
  2625 | D:4      | Killed an ogre
  2626 | D:4      | Reached skill level 1 in Conjurations
  2626 | D:4      | Reached skill level 1 in Hexes
  2626 | D:4      | Reached skill level 1 in Summonings
  2626 | D:4      | Reached skill level 1 in Necromancy
  2626 | D:4      | Reached skill level 1 in Translocations
  2626 | D:4      | Reached skill level 1 in Fire Magic
  2626 | D:4      | Reached skill level 1 in Ice Magic
  2626 | D:4      | Reached skill level 1 in Air Magic
  2626 | D:4      | Reached skill level 1 in Earth Magic
  2626 | D:4      | Reached skill level 1 in Poison Magic
  2626 | D:4      | Reached XP level 5. HP: 28/41 MP: 10/12
  2807 | D:3      | Killed from afar by an orc priest

Illustrated notes

Levels and vault maps discovered:
D:1:      shiori_shiawase, layout_rooms, serial_bayou, serial_bayou_lagoon_a,
          serial_bayou_shore_a, serial_bayou_pond_d, serial_bayou_pond_a
D:2:      layout_loops_corners, nicolae_overflow_hidden_temple, uniq_robin
D:3:      layout_basic, lemuel_doored_altar
D:4:      layout_cave_pools, minitemple

Skill      XL: |  1  2  3  4 |
---------------+-------------+-----
Spellcasting   | 5 |  5.2
Invocations    | 1 |  1.9
Short Blades   | 1 |  1.6
Long Blades    | 1 |  1.6
Axes           | 1 |  1.6
Maces & Flails | 1 |  1.6
Polearms       | 1 |  1.6
Staves         | 1 |  1.6
Slings         | 1 |  1.6
Bows           | 1 |  1.6
Crossbows      | 1 |  1.6
Throwing       | 1 |  1.6
Armour         | 1 |  1.6
Stealth        | 1 |  1.6
Shields        | 1 |  1.6
Evocations     | 1 |  1.6
Fighting       | 3 |  3.1
Conjurations   | 1 |  1.3
Hexes          | 1 |  1.3
Summonings     | 1 |  1.3
Necromancy     | 1 |  1.3
Translocations | 1 |  1.3
Transmutations | 4 |  4.0
Fire Magic     | 1 |  1.3
Ice Magic      | 1 |  1.3
Air Magic      | 1 |  1.3
Earth Magic    | 1 |  1.3
Poison Magic   | 1 |  1.3
Dodging        | |  4.8
Unarmed Combat | |  6.7

Action                   |  1- 3 |  4- 6 || total
-------------------------+-------+-------++-------
Melee: Unarmed           |     9 |       ||     9
       Kick              |    16 |     6 ||    22
       Dagger            |    17 |       ||    17
       Bite              |     7 |     1 ||     8
       Mace              |    55 |    30 ||    85
       Headbutt          |     6 |     3 ||     9
       Punch             |     1 |       ||     1
Throw: Dart              |     4 |     8 ||    12
 Cast: Beastly Appendage |    29 |     5 ||    34
       Magic Dart        |     3 |    22 ||    25
       Wereblood         |     1 |     2 ||     3
  Use: Scroll            |     8 |       ||     8
       Potion            |     3 |     1 ||     4
Armor: Robe              |    15 |     7 ||    22
Dodge: Dodged            |    48 |    20 ||    68
